 Dungeon Crawl Stone Soup version 0.25.0-26-g0c896c7088 (webtiles) character file.

Game seed: 7295236607449253900

2478 Dirian the Cleaver (level 9, -9/75 HPs)
             Began as a Minotaur Fighter on June 30, 2020.
             Killed from afar by an electric eel (13 damage)
             ... with a bolt of electricity
             ... on level 7 of the Dungeon.
             The game lasted 00:09:38 (5589 turns).

Dirian the Cleaver (Minotaur Fighter)               Turns: 5589, Time: 00:09:38

Health: -9/75      AC: 15    Str: 25    XL:     9   Next: 27%
Magic:  9/9        EV:  6    Int:  5    God:
Gold:   253        SH: 11    Dex:  9    Spells: 8/8 levels left

rFire    . . .     SeeInvis .   a - +0 war axe
rCold    + . .     Gourm    .   c - +1 kite shield
rNeg     . . .     Faith    .   o - +0 chain mail
rPois    .         Spirit   .   (helmet restricted)
rElec    .         Reflect  .   m - +1 cloak
rCorr    .         Harm     .   b - +0 pair of gloves (curse)
MR       .....                  B - +0 pair of boots
Stlth    ..........             s - amulet of regeneration
HPRegen  0.62/turn              D - ring of flight
MPRegen  0.11/turn              n - ring of protection from cold

@: no status effects
A: retaliatory headbutt, horns 2
a: Evoke Flight


You were on level 7 of the Dungeon.
You were not hungry.

You visited 1 branch of the dungeon, and saw 7 of its levels.
You also visited: Ossuary.

You collected 389 gold pieces.
You spent 136 gold pieces at shops.

Inventory:

Hand Weapons
 a - a +0 war axe (weapon)
Armour
 b - a cursed +0 pair of gloves (worn)
 c - a +1 kite shield (worn)
 m - a +1 cloak (worn)
 o - a +0 chain mail (worn)
 B - a +0 pair of boots (worn)
Jewellery
 f - an uncursed ring of resist corrosion {unknown}
 l - an uncursed ring of protection from fire
 n - a ring of protection from cold (right hand)
 s - an amulet of regeneration (around neck)
 y - an uncursed ring of positive energy
 D - a ring of flight (left hand)
Scrolls
 i - 2 scrolls of immolation
 p - a scroll of fog
 r - 3 scrolls of identify
 t - 2 scrolls of teleportation
 v - a scroll of enchant armour
 x - 3 scrolls of remove curse
 z - a scroll of blinking
Potions
 d - 2 potions of might
 g - a potion of ambrosia
 h - a potion of haste
 j - a potion of cancellation
 q - 2 potions of curing
 u - a potion of berserk rage
 w - a potion of heal wounds
 A - a potion of lignification
 C - a potion of mutation
Comestibles
 e - 9 rations
 k - 8 chunks of flesh


   Skills:
 + Level 6.0 Fighting
 * Level 12.0 Axes
 + Level 6.2 Armour
 + Level 6.0 Shields
 * Level 2.0 Evocations


You had 8 spell levels left.
You didn't know any spells.
Your spell library was empty.

Dungeon Overview and Level Annotations

Branches:
Dungeon (7/15)            Ossuary (visited)
 Temple: D:4-7

Altars:
Ashenzari
Gozag
Kikubaaqudgha
Wu Jian
Xom
Yredelemnul
The Shining One

Shops:
D:6 ?


Innate Abilities, Weirdness & Mutations

You reflexively headbutt those who attack you in melee.
You have a pair of horns on your head.


Message History

The bolt of electricity hits you.
The electric eel shoots out a bolt of lightning at you!
The bolt of electricity hits the electric eel.
The electric eel completely resists.
The bolt of electricity hits you!
The electric eel shoots out a bolt of lightning at you!
The bolt of electricity hits you!
The electric eel shoots out a bolt of lightning at you!
The bolt of electricity hits the electric eel.
The electric eel completely resists.
The bolt of electricity hits you.
The electric eel shoots out a bolt of lightning at you!
The bolt of electricity hits you!
The electric eel shoots out a bolt of lightning at you!
The bolt of electricity hits you!
* * * LOW HITPOINT WARNING * * *
The electric eel shoots out a bolt of lightning at you!
The bolt of electricity hits you!
* * * LOW HITPOINT WARNING * * *
The electric eel shoots out a bolt of lightning at you!
The bolt of electricity hits you!
You die...

#..##.#..............#
##.##.#.#########....#
##...#..........)...#
##.####..########....#
#........########....#
......#.....÷........#
.#.##.#..............#
...##.#.#............#
........#.##.!..@....#
..###..#...######....##
#.# ###....#####....≈≈#
#.# #.............≈≈##≈
#.# #....##.......≈≈≈≈≈
#.# #.........(.≈;≈≈≈≈≈
#.######...##.##..;≈≈≈≈≈#
....c.........#..≈≈≈≈≈≈##
########...## #...≈≈≈≈≈#


You could see 2 electric eels.

Vanquished Creatures
  A hungry ghost (D:7)
  A hornet zombie (Ossuary)
  A sky beast (D:6)
  A black bear (D:6)
  4 ogres
  A centaur (D:7)
  An elf zombie (D:4)
  A wyvern zombie (Ossuary)
  An elf skeleton (D:4)
  A water moccasin skeleton (D:5)
  A scorpion (D:7)
  A howler monkey (D:4)
  2 crimson imps
  2 centaur zombies
  3 bullfrog zombies (Ossuary)
  A centaur skeleton (D:6)
  A human zombie (D:4)
  2 hounds
  2 orc priests (D:6)
  6 orc wizards
  A human skeleton (D:4)
  Jessica (D:3)
  An iguana (D:6)
  2 worker ants
  2 hound zombies (Ossuary)
  16 mummies (Ossuary)
  2 worker ant zombies
  8 gnolls
  5 adders
  An ooze (D:2)
  3 worms
  3 dart slugs
  4 leopard geckos
  15 orcs
  A ball python (D:6)
  4 giant cockroaches
  9 goblins
  10 hobgoblins
  6 jackals
  4 quokkas
  A ball python zombie (Ossuary)
  13 bats
  7 frilled lizards
  A giant cockroach zombie (Ossuary)
  2 jackal zombies (Ossuary)
  9 kobolds
  A leopard gecko skeleton (D:4)
  2 orc skeletons (D:4)
  2 quokka zombies (Ossuary)
  6 rats
176 creatures vanquished.

Vanquished Creatures (others)
  An orc wizard (D:6)
  5 toadstools (D:1)
  2 withered plants (Ossuary)
8 creatures vanquished.

Grand Total: 184 creatures vanquished

Notes
Turn   | Place    | Note
-------+----------+-------------------------------------------
     0 | D:1      | Dirian the Minotaur Fighter began the quest for the Orb.
     0 | D:1      | Reached XP level 1. HP: 19/19 MP: 0/0
   244 | D:1      | Reached XP level 2. HP: 26/27 MP: 1/1
   349 | D:1      | Reached skill level 3 in Axes
   718 | D:2      | Noticed a crimson imp
   720 | D:2      | Reached XP level 3. HP: 33/33 MP: 2/2
   747 | D:2      | Reached skill level 4 in Axes
   747 | D:2      | Reached XP level 4. HP: 40/40 MP: 3/3
   958 | D:2      | Reached skill level 5 in Axes
   958 | D:2      | Reached XP level 5. HP: 46/46 MP: 4/4
  1253 | D:2      | Found an ornate altar of the Wu Jian Council.
  1253 | D:2      | Found an ancient bone altar of Kikubaaqudgha.
  1465 | D:3      | Noticed Jessica
  1472 | D:3      | Killed Jessica
  1930 | D:3      | Found an opulent altar of Gozag.
  1972 | D:3      | Found a glowing golden altar of the Shining One.
  1981 | D:3      | Found a basalt altar of Yredelemnul.
  2059 | D:3      | Reached skill level 6 in Axes
  2119 | D:3      | Reached XP level 6. HP: 46/53 MP: 5/5
  2177 | D:3      | Got a crystal spear
  2293 | D:3      | Noticed an angel
  2311 | D:3      | Identified the cursed +1 spear of Peace {pain, rPois Int+5
                  | Dex+2} (You found it on level 3 of the Dungeon)
  2430 | D:4      | Found a sand-covered staircase.
  2450 | Ossuary  | Entered an ossuary
  2465 | Ossuary  | Reached skill level 7 in Axes
  2476 | Ossuary  | Reached skill level 5 in Armour
  2476 | Ossuary  | Reached XP level 7. HP: 44/60 MP: 6/6
  2551 | Ossuary  | Reached skill level 8 in Axes
  2566 | Ossuary  | Reached skill level 5 in Fighting
  2566 | Ossuary  | Reached skill level 5 in Shields
  2750 | Ossuary  | Reached skill level 9 in Axes
  2819 | Ossuary  | Reached XP level 8. HP: 59/68 MP: 7/7
  3580 | D:4      | Found a shimmering altar of Xom.
  3789 | D:5      | Entered Level 5 of the Dungeon
  3984 | D:5      | Reached skill level 10 in Axes
  4114 | D:5      | Found a shattered altar of Ashenzari.
  4499 | D:6      | Found Gycra's Magic Scroll Shop.
  4502 | D:6      | Bought a scroll of blinking for 97 gold pieces
  4502 | D:6      | Bought a scroll of teleportation for 39 gold pieces
  4717 | D:6      | Reached skill level 1 in Evocations
  4735 | D:6      | Reached skill level 11 in Axes
  4945 | D:6      | Reached XP level 9. HP: 75/75 MP: 9/9
  5550 | D:7      | Reached skill level 12 in Axes
  5588 | D:7      | HP: 3/75 [electric eel/bolt of electricity (12)]
  5589 | D:7      | Killed from afar by an electric eel

Illustrated notes

Levels and vault maps discovered:
D:1:      ldierk_walled_garden, layout_basic
D:2:      layout_loops_cross, grunt_temple_overflow_open, first_ration
D:3:      wad_woods_settlement, layout_basic, grunt_temple_overflow_holy_war,
          grunt_gozag_breadcrumbs, uniq_jessica
D:4:      layout_loops_ring, tgw_xom, nicolae_ossuary_entry_catacombs
D:5:      layout_loops_cross, nicolae_ashenzari_panopticon
D:6:      layout_basic, serial_shops, nicolae_shop_behind_doors,
          hangedman_glass_teeth, minmay_misc_feat_doors
D:7:      statuecave_lemuel, layout_loops_ring, lemuel_coloured_pillars_altar,
          minmay_temple_entry_waves

Skill      XL: |  1  2  3  4  5  6  7  8  9 |
---------------+----------------------------+-----
Axes           | 3 4 5 6 7 9 11 12 | 12.0
Armour         | 4 5 6 |  6.2
Fighting       | 4 5 6 |  6.0
Shields        | 4 5 6 |  6.0
Evocations     | 1 2 |  2.0

Action                   |  1- 3 |  4- 6 |  7- 9 || total
-------------------------+-------+-------+-------++-------
Melee: War axe           |    83 |   174 |   252 ||   509
       Headbutt          |     9 |    29 |    44 ||    82
  Use: Scroll            |       |     9 |    10 ||    19
       Potion            |       |       |     1 ||     1
  Eat: Chunk             |       |     5 |     6 ||    11
       Ration            |       |       |     3 ||     3
Armor: Scale mail        |    36 |    51 |       ||    87
       Chain mail        |       |    23 |    94 ||   117
Dodge: Dodged            |    19 |    37 |    41 ||    97
Block: Kite shield       |    37 |    96 |   105 ||   238
